 Seeded DCSS version 0.29.1-15-g9cfb28693d (webtiles) character file.

Game seed: 5852750519012672489 (custom seed)

225 Twinkles the Sneak (level 6, -7/35 HPs)
             Began as a Vine Stalker Brigand on June 6, 2023.
             Was a Plaything of Xom.
             Killed from afar by Ijyb (16 damage)
             ... with a bolt of dispelling energy
             ... on level 3 of the Dungeon.
             The game lasted 00:05:50 (3408 turns).

Twinkles the Sneak (Vine Stalker Brigand)           Turns: 3408, Time: 00:05:50

Health: -7/35      AC:  2    Str: 19    XL:     6   Next: 1%
Magic:  0/7        EV: 12    Int: 10    God:    Xom [.*....]
Gold:   129        SH:  0    Dex: 15    Spells: 5/5 levels left

rFire   . . .      SeeInvis .   a - +2 dagger
rCold   . . .      Faith    .   (no shield)
rNeg    . . .      Spirit   +   (no body armour)
rPois   .          Reflect  .   (no helmet)
rElec   .          Harm     .   t - scarf {repulsion}
rCorr   .          Rampage  .   (no gloves)
Will    .....                   (no boots)
Stlth   +++.......              (no amulet)
HPRegen 0.91/turn               (no ring)
MPRegen 0.10/turn               (no ring)

@: repel missiles
A: fangs 2, regeneration 1, magic shield, antimagic bite, no potion heal 2,
iridescent scales 1, robust 1, strong 1, wild magic 1, evolution 1
a: Renounce Religion


You were on level 3 of the Dungeon.
You worshipped Xom.
You were a plaything of Xom.
You visited 1 branch of the dungeon, and saw 3 of its levels.

You collected 129 gold pieces.

Inventory:

Hand Weapons
 a - a +2 dagger (weapon)
Missiles
 d - 9 poisoned darts (quivered)
 e - 3 curare-tipped darts
Armour
 b - a +0 robe
 c - a +0 cloak
 f - a +0 leather armour
 t - a scarf of repulsion (worn)
 w - a +0 chain mail
 y - a +0 scale mail
Magical Staves
 q - a staff of cold
Wands
 u - a wand of roots (13)
Scrolls
 g - 2 scrolls of identify {unknown}
 h - a scroll of poison {unknown}
 i - a scroll of noise {unknown}
 j - a scroll of magic mapping {unknown}
 k - a scroll of vulnerability {unknown}
 l - 2 scrolls of fog {unknown}
 v - 3 scrolls of silence {unknown}
Potions
 m - 3 potions of curing {unknown}
 n - 2 potions of brilliance {unknown}
 o - a potion of cancellation {unknown}
 p - 3 potions of heal wounds {unknown}
 r - 3 potions of might {unknown}
 s - a potion of magic {unknown}
 x - a potion of lignification {unknown}


   Skills:
 + Level 3.4 Fighting
 + Level 3.4 Short Blades
 - Level 1.7 Throwing
 + Level 1.1 Armour
 - Level 2.2 Dodging
 - Level 4.8 Stealth


You had 5 spell levels left.
You didn't know any spells.
Your spell library was empty.

Dungeon Overview and Level Annotations

Branches:
Dungeon (3/15)

Altars:
Kikubaaqudgha
Xom

Annotations:
D:3 Ijyb


Innate Abilities, Weirdness & Mutations

You have extremely sharp teeth.
Your natural rate of healing is unusually fast.
When hurt, damage is shared between your health and your magic reserves.
Your bite disrupts and absorbs the magic of your enemies.
Potions cannot restore your health.
You are partially covered in iridescent scales. (AC +2)
You are robust. (+10% HP)
Your muscles are strong. (Str +4, Int/Dex -1)
Your spells are a little harder to cast, but a little more powerful.
You have hidden genetic potential.


Message History

Unknown command.
There are no items here.
You see here a +0 scale mail.
y - a +0 scale mail You start removing your armour.
You continue taking off your +0 leather armour. x4
You finish taking off your +0 leather armour.
You start putting on your armour.
You continue putting on your +0 scale mail. x2
Xom guffaws.
You continue putting on your +0 scale mail.
Ijyb zaps a wand.
Keep equipping yourself?
You stop putting on your armour.
The bolt of dispelling energy hits you!!
Your magical effects are unravelling.
Ouch! That really hurt!
The translocation energy dissipates.
You hit Ijyb but do no damage. Your bite misses Ijyb.
Ijyb hits you with a +0 club.
You hit Ijyb but do no damage. You bite Ijyb, but do no damage.
Ijyb hits you with a +0 club.
* * * LOW HITPOINT WARNING * * *
You hit Ijyb but do no damage. Ijyb barely misses you.
Okay, then.
Unknown command.
Okay, then.
Unknown command.
You hit Ijyb but do no damage. Ijyb hits you with a +0 club.
* * * LOW HITPOINT WARNING * * *
You barely miss Ijyb. You hit Ijyb. You bite Ijyb. You drain her power.
You feel invigorated.
Ijyb is lightly wounded.
Ijyb hits you with a +0 club.
* * * LOW HITPOINT WARNING * * *
You closely miss Ijyb.
Ijyb is lightly wounded.
Ijyb zaps a wand.
The bolt of dispelling energy hits you!!
You die...

#.#...##...#####g..##.....#...###
#.#...##...#.....................
#.#...##...#.###...##..#..##..###
..'................##..#..##..#
#.#...##...#.###.#.##..#..##..###
#.#...<..........................
#.######)..#.###...##..#..#......
#.######.........................
.............(..@g.###.......###.
.....###>....................# #.
####.###..######...#...#.##..# #.
# #.##....### #...##..#.##..# #.
# ##.###.....###...##..#.....# #.
###................###.#.##..# #.
.≈##.####....###>..###...##..# #.
.≈#........#.............##..###.
.≈##.####..#.###...###...........


You could see Ijyb.

Vanquished Creatures
  Natasha (thrice) (D:3 D:2)
  Robin (D:3)
  3 gnolls (D:3)
  3 adders
  2 worms
  2 dart slugs
  2 orcs (D:3)
  6 ball pythons
  4 bats
  2 bat zombies (D:3)
  9 endoplasms
  2 giant cockroaches
  13 goblins
  4 hobgoblins
  4 kobolds
  A quokka (D:2)
  3 frilled lizards
  6 rats
  4 rat zombies (D:3)
74 creatures vanquished.

Notes
Turn   | Place    | Note
-------+----------+-------------------------------------------
     0 | D:1      | Twinkles the Vine Stalker Brigand began the quest for the
                  | Orb.
     0 | D:1      | Reached XP level 1. HP: 11/11 MP: 2/2
   345 | D:1      | Reached skill level 1 in Dodging
   412 | D:1      | Reached XP level 2. HP: 14/15 MP: 3/3
  1185 | D:2      | Found a faded altar of an unknown god.
  1187 | D:2      | Reached XP level 3. HP: 18/18 MP: 4/4
  1202 | D:2      | Prayed at the altar of an unknown god.
  1202 | D:2      | Became a worshipper of Xom of Chaos
  1702 | D:2      | XOM: 4-stop teleportation journey
  1982 | D:2      | Gained mutation: Your natural rate of healing is unusually
                  | fast. [Vine Stalker growth]
  1982 | D:2      | Reached XP level 4. HP: 4/23 MP: 3/5
  2033 | D:2      | XOM: give mutations
  2033 | D:2      | Gained mutation: You are robust. (+10% HP) [Xom's grace]
  2033 | D:2      | Gained mutation: You have hidden genetic potential. [Xom's
                  | grace]
  2033 | D:2      | Gained mutation: Your spells are a little harder to cast,
                  | but a little more powerful. [Xom's grace]
  2033 | D:2      | Gained mutation: Your muscles are strong. (Str +4, Int/Dex
                  | -1) [Xom's grace]
  2034 | D:2      | XOM: god gift: staff of cold
  2364 | D:3      | Noticed Natasha
  2397 | D:3      | XOM: fake destruction
  2420 | D:3      | Found an ancient bone altar of Kikubaaqudgha.
  2460 | D:3      | Killed Natasha
  2461 | D:3      | Reached XP level 5. HP: 26/30 MP: 6/6
  2533 | D:3      | Noticed Ijyb
  2587 | D:3      | Noticed Terence
  2589 | D:3      | Noticed Terence
  2589 | D:3      | Terence changed into Terence the dart slug
  2589 | D:3      | XOM: polymorph Terence -> Terence the dart slug
  2597 | D:3      | Killed Terence the dart slug
  2612 | D:3      | Gained mutation: You are partially covered in iridescent
                  | scales. (AC +2) [hidden potential]
  2641 | D:3      | Noticed Robin
  2655 | D:3      | XOM: enchant monster (bad)
  2680 | D:3      | Killed Robin
  3015 | D:3      | Noticed Natasha
  3028 | D:3      | Killed Natasha
  3226 | D:3      | XOM is BORED!
  3226 | D:3      | XOM: noise
  3245 | D:3      | Reached skill level 1 in Armour
  3246 | D:3      | Noticed Natasha
  3257 | D:3      | XOM: enchant monster (bad)
  3270 | D:2      | XOM: silly message
  3324 | D:2      | Killed Natasha
  3325 | D:2      | Reached XP level 6. HP: 23/35 MP: 1/7
  3399 | D:3      | XOM: cast spell 'Disjunction'
  3408 | D:3      | Killed from afar by Ijyb

Illustrated notes

Levels and vault maps discovered:
D:1:      dpeg_arrival_rooms_a, layout_basic, serial_forest,
          infiniplex_forest_end_double, infiniplex_forest_end_2,
          infiniplex_forest_lined_2, infiniplex_forest_straight_4,
          infiniplex_forest_lined_room_2, infiniplex_forest_clump_small,
          infiniplex_forest_straight_5, infiniplex_forest_straight_5
D:2:      layout_loops_ring, chequers_ecumenical_altar_island,
          kennysheep_generic_room_6
D:3:      layout_basic, lemuel_zombie_altar_kikubaaqudgha, uniq_robin,
          uniq_terence, uniq_natasha, uniq_ijyb

Skill      XL: |  1  2  3  4  5 |
---------------+----------------+-----
Dodging        | 1 2 |  2.2
Fighting       | 2 3 |  3.4
Short Blades   | 2 3 |  3.4
Armour         | 1 |  1.1
Throwing       | |  1.7
Stealth        | |  4.8

Action                   |  1- 3 |  4- 6 || total
-------------------------+-------+-------++-------
Melee: Dagger            |    82 |   155 ||   237
       Bite              |    22 |    45 ||    67
       Punch             |       |     2 ||     2
 Stab: Sleeping          |     7 |     4 ||    11
Armor: Leather armour    |    23 |    33 ||    56
Dodge: Dodged            |    33 |    80 ||   113
       Repelled          |       |     1 ||     1
